Cogmind - Beta 13 @@@ ROGUE MODE // 2024.05.14 @ 16:46:18 Player: weedlord420 Result: Self-destructed Performance ------------- Evolutions (3) 1500 Regions Visited (4) 800 Robots Destroyed (93) 465 Value Destroyed (2128) 2128 Prototype IDs (7) 140 Alien Tech Used (0) 0 Bonus (58) 58 TOTAL SCORE: 5091 Bonus ------- High Alert Combat Kills 58 Cogmind --------- Core Integrity 664/700 Matter 150/300 Energy 290/290 System Corruption 0% Temperature Cool (8) Movement Treading (163) Location -7/Factory Parts ------- > --- POWER (1) -------- Improved Deuterium Engine > --- PROPULSION (6) --- Light Treads Armored Treads Medium Treads Improved Flight Unit Improved Flight Unit > --- UTILITY (4) ------ Cooling System Medium Storage Unit Improved Propulsion Shielding Hardened Medium Armor Plating > --- WEAPON (2) ------- Heavy Particle Cannon Assault Cannon > --- INVENTORY (10) --- Improved Signal Interpreter Armor Integrity Analyzer Advanced ECM Suite Hardened Medium Armor Plating Hardlight Generator Hacking Suite Gauss Cannon Plasma Cutter Peak State ------------ > --- POWER ------------ Improved Deuterium Engine > --- PROPULSION ------- Light Treads Armored Treads Medium Treads Improved Flight Unit Improved Flight Unit > --- UTILITY ---------- Medium Storage Unit Improved Propulsion Shielding Hardened Medium Armor Plating Hardlight Generator > --- WEAPON ----------- Heavy Particle Cannon Assault Cannon > --- INVENTORY -------- Cooling System Improved Signal Interpreter Improved Propulsion Shielding Hardened Medium Armor Plating Hacking Suite Gauss Cannon Plasma Cutter [Rating: 36] Favorites ----------- Power Reinforced Ion Engine Engine Reinforced Ion Engine Power Core Light Nuclear Core Propulsion Light Treads Treads Light Treads Flight Unit Improved Flight Unit Utility Medium Storage Unit Device Hardlight Generator Storage Medium Storage Unit Processor Signal Interpreter Hackware Hacking Suite Protection Core Shielding Weapon Improved Assault Rifle Energy Cannon Heavy Particle Cannon Ballistic Gun Improved Assault Rifle Ballistic Cannon Assault Cannon Launcher Grenade Launcher Build | -11 -10 -9 -8 -7 ------- Run | Yrd Mat Mat Mat Fac Slots Evolved 6 | . . 2 2 2 Power . | . . . . . Propulsion 4 | . . 2 2 . Utility 2 | . . . . 2 Weapon . | . . . . . Parts Attached 66 | 6 7 28 15 10 Power 7 | 1 1 2 2 1 Engine 6 | 1 . 2 2 1 Core 1 | . 1 . . . Reactor . | . . . . . Propulsion 26 | 2 . 15 7 2 Treads 20 | 2 . 12 4 2 Leg . | . . . . . Wheel . | . . . . . Hover . | . . . . . Flight 6 | . . 3 3 . Utility 20 | 1 4 5 4 6 Device 4 | . . . . 4 Storage 3 | 1 2 . . . Processor 1 | . 1 . . . Hackware 1 | . . . 1 . Protection 11 | . 1 5 3 2 Artifact . | . . . . . Weapon 13 | 2 2 6 2 1 Energy Gun . | . . . . . Energy Cannon 2 | . . . 2 . Ballistic Gun 9 | 2 1 6 . . Ballistic Cannon 1 | . . . . 1 Launcher 1 | . 1 . . . Special Weapon . | . . . . . Impact Weapon . | . . . . . Slashing Weapon . | . . . . . Piercing Weapon . | . . . . . Special Melee Weapon . | . . . . . Unidentified Prototypes 1 | . . 1 . . Parts Lost 16 | . . 8 7 1 Power 1 | . . 1 . . Propulsion 6 | . . 3 3 . Utility 4 | . . 2 1 1 Weapon 5 | . . 2 3 . Highest Loss Streak 3 | . . 3 3 1 To Critical Strikes . | . . . . . Average Slot Usage (%) 93 | . 98 92 92 89 Engine 7 | . 10 6 5 7 Core 2 | . 3 2 . . Treads 29 | . 28 33 22 22 Flight 8 | . . 5 29 15 Storage 10 | . 13 11 9 7 Processor 2 | . 8 . . . Protection 8 | . 4 9 3 14 Energy Cannon 2 | . . . 9 7 Ballistic Gun 18 | . 27 21 7 . Naked Turns . | . . . . . Heaviest Build 46 | 14 20 31 34 46 Greatest Support 80 | 40 40 80 60 68 Greatest Overweight (x) 5 | . . 5 1 . Average Overweight (x) . | . . . . . Largest Inventory Capacity 10 | 8 10 10 10 10 Average Capacity 9 | 6 8 10 10 10 Most Carried 10 | 5 7 10 10 9 Average Carried 7 | . 4 9 9 7 Final Capacity 10 | 8 10 10 10 10 Final Carried 10 | . 7 10 8 8 Class Distribution -------------------- 58% | Mutant 41% | Scavenger-Mutant Dominant Class ---------------- Mutant | -10/Materials Scavenger-Mutant | -9/Materials Mutant | -8/Materials Mutant | -7/Factory Resources | -11 -10 -9 -8 -7 ----------- Run | Yrd Mat Mat Mat Fac Matter Collected 2215 | 239 347 1161 363 105 Remotely . | . . . . . Salvage Created 3289 | . 480 1975 567 267 Parts 207 | . 37 126 33 11 Haulers Intercepted 8 | . 1 5 2 . Recyclers Shooed 7 | . 3 2 2 . Parts Field Recycled . | . . . . . Retrieved Matter . | . . . . . Parts Self-Destructed . | . . . . . Prevented . | . . . . . Kills | -11 -10 -9 -8 -7 ------- Run | Yrd Mat Mat Mat Fac Combat Hostiles Destroyed 60 | . 9 28 14 9 Guns 46 | . 9 28 9 . Cannons 13 | . . . 4 9 AOE 1 | . . . 1 . Classes Destroyed 13 | . 6 6 1 . Worker 7 | . . 6 1 . Builder 1 | . . 1 . . Tunneler 1 | . 1 . . . Hauler 8 | . 1 5 2 . Recycler 7 | . 1 4 1 1 Operator 3 | . . 2 1 . Watcher 6 | . 1 5 . . Swarmer 23 | . 3 5 9 6 Grunt 23 | . 6 13 2 2 Brawler 1 | . . 1 . . Duelist 1 | . . 1 . . Sentry 11 | . . 8 2 1 Hunter 1 | . . . 1 . Best Kill Streak 10 | . 3 10 5 5 Combat Bots Only 8 | . 2 8 5 4 Max Kills in Single Turn 2 | . 1 2 2 1 Gunslinging . | . . . . . Exploded 1 | . . . 1 . Melee . | . . . . . Uniques/NPCs Destroyed . | . . . . . Combat | -11 -10 -9 -8 -7 -------- Run | Yrd Mat Mat Mat Fac Hostile Shots Fired 471 | . 52 187 136 96 Missed 130 | . 20 48 32 30 Damage Taken 4349 | . 366 1879 1371 733 Core 497 | . 93 201 167 36 Absorbed by Shields 152 | . . . . 152 Redirected to Shielding 324 | . 16 4 114 190 Regen/Repaired (Parts) 241 | . . . . 241 Core Remaining (%) 70 | 100 62 49 69 . Volleys Fired 290 | . 50 140 68 32 Largest 2 | . 2 2 2 2 Hottest 150 | . 50 46 150 119 Shots Fired 552 | . 100 278 122 52 Gun 456 | . 97 278 81 . Cannon 93 | . . . 41 52 Launcher 3 | . 3 . . . Special . | . . . . . Kinetic 488 | . 97 278 81 32 Thermal 61 | . . . 41 20 Explosive 3 | . 3 . . . Electromagnetic . | . . . . . Robot Hit Streak 30 | . 9 30 9 6 Robot Miss Streak 6 | . 6 5 4 3 Penetration Max . | . . . . . Secondary Targets 5 | . 1 3 1 . Max Gunslinging Chain 1 | . 1 1 1 . Shots Hit Robots 358 | . 51 196 83 28 Core Hits 131 | . 22 70 25 14 Critical Kills 1 | . . 1 . . Critical Parts Destroyed 2 | . . 2 . . Critical Strikes 4 | . . 4 . . Destroy 4 | . . 4 . . Melee Attacks . | . . . . . Impact . | . . . . . Slashing . | . . . . . Piercing . | . . . . . Sneak Attacks . | . . . . . Combat Hostiles . | . . . . . Follow-up Attacks . | . . . . . Damage Inflicted 5870 | . 644 3031 1473 722 Guns 4430 | . 644 2963 823 . Cannons 1372 | . . . 650 722 Explosions 47 | . . 47 . . Melee . | . . . . . Ramming 21 | . . 21 . . Kinetic 4902 | . 644 2963 823 472 Thermal 947 | . . 47 650 250 Explosive . | . . . . . Electromagnetic . | . . . . . Impact . | . . . . . Slashing . | . . . . . Piercing . | . . . . . Highest Corruption 2 | . . 2 . . Average Corruption 2 | . . 2 . . Corruption Purged . | . . . . . Corruption Blocked . | . . . . . Effects 14 | . . 14 . . Message Errors 7 | . . 7 . . Matter Fused 4 | . . 4 . . Heat Flow Errors 1 | . . 1 . . Data Loss (minor) 1 | . . 1 . . Data Loss (major) 1 | . . 1 . . Overload Shots . | . . . . . Overflow Damage 35 | . . 8 24 3 Projectiles 27 | . . . 24 3 Explosions 8 | . . 8 . . Melee . | . . . . . Knockbacks 5 | . . . . 5 Impact . | . . . . . Kinetic 5 | . . . . 5 Secondary . | . . . . . Self-Inflicted Damage 204 | . . 204 . . Shots 2 | . . 2 . . Rammed 1 | . . 1 . . Targets Rammed 2 | . . 2 . . Kicked . | . . . . . Crushed 1 | . . 1 . . Highest Temperature 447 | . 8 236 381 447 Average Temperature 100 | . 2 20 105 207 Received Heat Transfer 1033 | . 162 546 225 100 Effects 6 | . . 1 1 4 Shutdowns 1 | . . . . 1 Energy Bleed 1 | . . 1 . . Interference 3 | . . . . 3 Damage (minor) 1 | . . . 1 . Siege Activations . | . . . . . Robots Corrupted . | . . . . . Combat Hostiles . | . . . . . Parts Fried . | . . . . . Impact Corruptions . | . . . . . Robots Melted . | . . . . . Combat Hostiles . | . . . . . Parts Melted 1 | . . . 1 . Heat Transferred 1382 | . . 50 962 370 Parts Sabotaged . | . . . . . Parts Stolen . | . . . . . Parts Stripped . | . . . . . Power Chain Reactions . | . . . . . Alert | -11 -10 -9 -8 -7 ------- Run | Yrd Mat Mat Mat Fac Peak Influence 498 | . 207 489 498 264 Initial 189 | . . 20 189 186 Average 241 | . 41 306 380 163 Maximum Alert Level 2 | . 1 2 2 1 Low Security (%) 41 | 100 98 19 . 79 Level 1 41 | . 1 59 50 20 Level 2 17 | . . 20 49 . Level 3 . | . . . . . Level 4 . | . . . . . Level 5 . | . . . . . High Security . | . . . . . Max Security . | . . . . . Squads Dispatched 7 | . 1 4 1 1 Investigation 1 | . . . . 1 Extermination . | . . . . . Reinforcement 6 | . 1 4 1 . Assault . | . . . . . Garrison . | . . . . . Intercept . | . . . . . Searches Triggered . | . . . . . Construction Impeded 1 | . . 1 . . Haulers Reinforced . | . . . . . Active Scanning Responses . | . . . . . Cargo Convoy Interrupts . | . . . . . Stealth | -11 -10 -9 -8 -7 --------- Run | Yrd Mat Mat Mat Fac Distress Signals 5 | . . 3 2 . Communications Jammed . | . . . . . Distress Signals . | . . . . . Times Spotted 101 | . 16 44 30 11 Peak Tracking Total 7 | . 3 7 7 4 Tactical Retreats 1 | . 1 . . . Traps | -11 -10 -9 -8 -7 ------- Run | Yrd Mat Mat Mat Fac Traps Triggered 2 | . . 1 . 1 Indirectly . | . . . . . Trap Hack Attempts . | . . . . . Triggered . | . . . . . Disarmed . | . . . . . Reprogrammed . | . . . . . Reused . | . . . . . Traps Extracted . | . . . . . Installed . | . . . . . Triggered . | . . . . . Machines | -11 -10 -9 -8 -7 ---------- Run | Yrd Mat Mat Mat Fac Machines Disabled 6 | . . 4 1 1 Max in Single Turn 2 | . . 2 1 1 Garrison Access 1 | . . . 1 . Machines Repaired . | . . . . . Machines Dismantled . | . . . . . Machines Sabotaged . | . . . . . Overloaded Fab Kills . | . . . . . Hacking | -11 -10 -9 -8 -7 --------- Run | Yrd Mat Mat Mat Fac Machines Accessed 17 | . 7 3 3 4 Terminals 13 | . 7 2 1 3 Fabricators . | . . . . . Repair Stations 1 | . . . . 1 Recycling Units . | . . . . . Scanalyzers 2 | . . 1 1 . Garrison Access 1 | . . . 1 . Total Hacks 54 | . 24 9 11 10 Successful 30 | . 14 3 9 4 Failed 24 | . 10 6 2 6 Catastrophic 2 | . . . . 2 Database Lockouts . | . . . . . Manual . | . . . . . Terminals 41 | . 24 5 5 7 Fabricators . | . . . . . Repair Stations 3 | . . . . 3 Recycling Units . | . . . . . Scanalyzers 9 | . . 4 5 . Garrison Access 1 | . . . 1 . Terminal Hacks 19 | . 14 . 3 2 Record 5 | . 5 . . . Prototype ID Bank 5 | . 4 . 1 . Emergency Access Points 2 | . 1 . . 1 Unreport Threat 2 | . 2 . . . Locate Traps 2 | . 1 . . 1 Transport Status 1 | . 1 . . . Recall Investigation 1 | . . . 1 . Zone Layout 1 | . . . 1 . Fabricator Hacks . | . . . . . Repair Station Hacks 2 | . . . . 2 Scan Component 1 | . . . . 1 Repair 1 | . . . . 1 Recycling Unit Hacks . | . . . . . Scanalyzer 8 | . . 3 5 . Insert Component 4 | . . 2 2 . Analyze 4 | . . 1 3 . Garrison Access Hacks 1 | . . . 1 . Seal Access 1 | . . . 1 . Unauthorized Hacks . | . . . . . Terminals . | . . . . . Fabricators . | . . . . . Repair Stations . | . . . . . Recycling Units . | . . . . . Scanalyzers . | . . . . . Garrison Access . | . . . . . Data Cores Recovered . | . . . . . Used . | . . . . . Hacking Detections 13 | . 5 3 2 3 Full Trace Events 3 | . . 1 1 1 Feedback Events . | . . . . . Feedback Blocked . | . . . . . Robot Schematics Acquired . | . . . . . Robots Built . | . . . . . Authchips . | . . . . . Time . | . . . . . Total Robot Build Rating . | . . . . . Part Schematics Acquired 3 | . . 1 2 . Parts Built . | . . . . . Authchips . | . . . . . Time . | . . . . . Total Part Build Rating . | . . . . . Parts Repaired 1 | . . . . 1 Time 38 | . . . . 38 Parts Recycled . | . . . . . Recycled Matter . | . . . . . Retrieved Matter . | . . . . . Retrieved Components . | . . . . . Parts Scanalyzed 4 | . . 2 2 . Part Schematics Acquired 3 | . . 1 2 . Parts Damaged . | . . . . . Bothacking | -11 -10 -9 -8 -7 ------------ Run | Yrd Mat Mat Mat Fac Used RIF Installer . | . . . . . Robots Hacked . | . . . . . Non-combat . | . . . . . Combat . | . . . . . Robot Hacks Applied . | . . . . . Relay Couplers Released . | . . . . . Fabnet Peak Effective % . | . . . . . Robots Rewired . | . . . . . Allies Hacked . | . . . . . Hacks Repelled . | . . . . . Allies | -11 -10 -9 -8 -7 -------- Run | Yrd Mat Mat Mat Fac Total Allies . | . . . . . Largest Group . | . . . . . Highest-Rated Group . | . . . . . Highest-Rated Ally . | . . . . . Total Orders . | . . . . . Ally Attacks . | . . . . . Total Damage . | . . . . . Kills . | . . . . . Allies Corrupted . | . . . . . Allies Melted . | . . . . . Intel | -11 -10 -9 -8 -7 ------- Run | Yrd Mat Mat Mat Fac Robot Analysis Total . | . . . . . Derelict Logs Recovered . | . . . . . Drone Launches . | . . . . . Drone Recoveries . | . . . . . Exploration | -11 -10 -9 -8 -7 ------------- Run | Yrd Mat Mat Mat Fac Turns Passed 5201 | 58 1053 2737 705 648 Spaces Moved 2610 | 41 541 1338 392 298 Core 17 | 17 . . . . Treads 2381 | 24 541 1310 208 298 Legs . | . . . . . Wheels . | . . . . . Hover . | . . . . . Flight 212 | . . 28 184 . Fastest Speed 50 | 50 160 160 51 163 Average Speed 156 | 114 160 165 119 163 Slowest Speed 430 | 160 160 430 165 163 Overloaded Moves . | . . . . . Propulsion Burnouts . | . . . . . Robots Hopped . | . . . . . Cave-ins Triggered . | . . . . . Exploration Rate (%) 42 | 4 78 78 40 10 Regions Visited 4 Branch Regions . Pre-discovered Areas . | . . . . . Known Exits Taken 1 | . 1 . . . Unknown Exits Taken 3 | 1 . 1 1 . Scrap Searched . | . . . . . Spaces Dug 6 | . 6 . . . Terrain Destroyed 70 | . 22 36 12 . Melee . | . . . . . Projectile 12 | . . . 12 . AOE 58 | . 22 36 . . Terrain Rammed . | . . . . . Walls Destroyed . | . . . . . Machines Disabled . | . . . . . Actions | -11 -10 -9 -8 -7 --------- Run | Yrd Mat Mat Mat Fac Total 3176 | 52 627 1581 509 407 Wait 116 | . 18 25 16 57 Move 2606 | 40 540 1337 391 298 Hop . | . . . . . Pick Up 60 | 6 10 28 9 7 Fast Attach 8 | . . 6 2 . Attach 33 | 6 1 9 11 6 Detach 6 | . . . 5 1 Swap 25 | . 6 13 2 4 Drop 30 | . 2 21 5 2 Fire 290 | . 50 140 68 32 Melee . | . . . . . Ram . | . . . . . Kick . | . . . . . Crush 2 | . . 2 . . Escape Stasis . | . . . . . Rewire . | . . . . . Trap . | . . . . . Miscellaneous . | . . . . . Route ------- -11/Scrapyard -10/Materials (discovered 4 exits: *Mat x2 / *Min x2) -9/Materials (discovered 2 exits: *Mat / [*Min]) -8/Materials -7/Factory (discovered 1 exit: [*Fac]) History --------- Turn | Location | Event 9 | -11/Scrapyard | Discovered new exit (range 14) 59 | -11/Scrapyard | Entered Materials 304 | -10/Materials | Build established: Mutant 355 | -10/Materials | Discovered new exit (range 15) 395 | -10/Materials | Discovered new exit (range 5) 462 | -10/Materials | Identified exit to Mines 591 | -10/Materials | Discovered exit to Mines (range 8) 719 | -10/Materials | Discovered new exit (range 16) 1109 | -10/Materials | Identified exit to Materials 1112 | -10/Materials | Entered another Materials area 1112 | -9/Materials | Evolved 2 slots: Propulsion x2 1645 | -9/Materials | Discovered new exit (range 12) 1646 | -9/Materials | Build established: Scavenger-Mutant 1984 | -9/Materials | Destroyed 8 combat bots 2058 | -9/Materials | Lost 3 parts (1p2n) 3395 | -9/Materials | Core integrity fell below 50% 3635 | -9/Materials | Discovered new exit (range 13) 3745 | -9/Materials | Build established: Mutant 3849 | -9/Materials | Entered another Materials area 3849 | -8/Materials | Evolved 2 slots: Propulsion x2 4516 | -8/Materials | Discovered new exit (range 15) 4554 | -8/Materials | Entered Factory 4554 | -7/Factory | Evolved 2 slots: Utility x2 4581 | -7/Factory | Lost 3 parts (1n1u1w) 4795 | -7/Factory | Discovered new exit (range 6) 4920 | -7/Factory | Repaired Arm. Treads 5202 | -7/Factory | Self-destructed Last Messages --------------- S-27 Virus knocked back. Destroyed Lgt. Nuclear Core. S-27 Virus knocked back. Power failure, Imp. Deuterium Engine shutdown. Acquired 15 matter. Overheating: System interference. Hvy. Particle Cannon temporarily disabled. S-27 Virus knocked back. K-01 Serf collects debris. S-27 Virus knocked back. K-01 Serf collects debris. R-06 Scavenger collects Lgt. Nuclear Core. K-01 Serf collects debris. S-27 Virus destroyed. R-06 Scavenger collects Autogun. R-06 Scavenger collects Lgt. Ion Engine. K-01 Serf collects debris. G-47 Trooper destroyed. R-06 Scavenger collects Lgt. Nuclear Core. K-01 Serf collects debris. Map ----- +----------------------------------------------------+ | ??????????????#""" # ####+#########??????? | | ??????????????#""" # # #??????? | | ??????????????#""" # # #??????? | | ??????????????# # # #??????? | | ??????????????# # # #??????? | | ??????????????########^^^^^ ^# """ """ #??????? | | ?????????????????????# # """ """ #??????? | | ?????????????????????# # """ """ #??????? | | ?????????????????????# #! ???????? | | ?????????????????????# # """ """????????? | | ?????????????????????# # "????""????????? | | ?????????????????????# # "??????????????? | | ?????????????????????# # ??????????????? | | ?????????????????????# ######??????????????? | | ?????????????????????# #???????????????????? | | ?????????????????????# #???????????????????? | | ?????????????????????# #???????????????????? | | ?????????????????????# ###############?????? | | ?????????????????????# ## ! #?????? | | ????????????????????## ## #?????? | | ????????????????????# % # * """ """ #?????? | | ??????????? #######% % %# """ """ !#?????? | | ????????? % %% #! """ """ #?????? | | ????????? rT" g # #?????? | | ????????? k ""%g + """ """ #?????? | | ?????????? r % @ # """ """ #?????? | | ?????????? % # """ """ #?????? | | ?????????? # T#### # #?????? | | ???????????#??##????# # "T" ! #?????? | | ????????????????????# ######### """ #?????? | | ????????????????????# ????????##############?????? | | ????????????????????# ???????????????????????????? | | ????????????????????#????????????????????????????? | | ?????????????????????????????????????????????????? | | ?????????????????????????????????????????????????? | | ?????????????????????????????????????????????????? | | ?????????????????????????????????????????????????? | | ?????????????????????????????????????????????????? | | ?????????????????????????????????????????????????? | | ?????????????????????????????????????????????????? | | ?????????????????????????????????????????????????? | | ?????????????????????????????????????????????????? | | ?????????????????????????????????????????????????? | | ?????????????????????????????????????????????????? | | ?????????????????????????????????????????????????? | | ?????????????????????????????????????????????????? | | ?????????????????????????????????????????????????? | | ?????????????????????????????????????????????????? | | ?????????????????????????????????????????????????? | | ?????????????????????????????????????????????????? | +----------------------------------------------------+ Best States ------------- Heat Dissipation 56 Energy Generation 16 Energy Capacity 290 Matter Stores 300 Matter Capacity 300 Sight Range 16 Terrain Scan Density 10 Armor Coverage 225 Core Shielding 20 Propulsion Shielding 66 Weapon Shielding 33 Evasion (%) 59 Recoil Reduction 4 Offensive Hacking 10 Item Schematics ----------------- Hacking Suite | -9/Materials | Scanalyzed Imp. Flight Unit | -8/Materials | Scanalyzed Imp. Propulsion Shielding | -8/Materials | Scanalyzed Robot Schematics ------------------ None Fabricated ------------ Nothing Alien Tech Used ----------------- None Achievements -------------- None Challenges ------------ None Game ------ Seed ClaymoresHeavyBeamcaster Manual? 0 Play Time 01:29:00 Cumulative 20.0 hours Start 2024.05.12 @ 19:44:29 End 2024.05.14 @ 16:46:18 Sessions 5 Manual Loads 0 Difficulty Rogue Special Mode None Game No. 45 Rogue 44 Adventurer 1 Explorer 0 Win Type - Total 0 Types 0/0/0/0/0/0/0/0/0 Lore% 9 Gallery% 22 Achievement% 19 Wizard Run 0 Options --------- Layout 1 ASCII 0 Keyboard 0 Movement Mouse Keybinds 0 Fullscreen 2 Font 24/Terminus Map View 50x35 Zoom Use 0% Tactical HUD 0 Map Filters NONE Filters NONE Steam 1 RUN: fd2c33ec-cf47-4511-b9b0-e3530092fb01